cohdb
Replays
Latest Replays
All Replays
Popular Replays
Top Player Replays
Match Explorer
How It Works
Community
CoH3 Stats
Reddit
Sign in to upload your games and track your stats! →
Sign in with Steam
Match 43104362
Unlisted
Match 43104362
Overview
Messages
Build Orders
End
Selects Australian Defense Battlegroup
Selects Australian Light Infantry Section
Selects Australian Light Infantry Section
Selects Australian Light Infantry Section
Australian Light Infantry Section
Australian Light Infantry Section
Australian Light Infantry Section
Construct Section Command Post
Vickers Machine Gun Team
Construct Platoon Command Post
Selects Defensive Tactics
6-pounder Anti-tank Gun Team
Che
110
[PIAP]LauchGo3Panda
simranjitsingh713
hogarthw
MATRIX
0
0
Comments
sign in to comment!
No comments posted yet!